 Dungeon Crawl Stone Soup version 0.31.0-32-g396128a36d (webtiles) character file.

Game seed: 3500030393217961132

13029 TacoSundae the Cruncher (level 12, -17/130 HPs)
             Began as an Oni Gladiator on Apr 4, 2024.
             Was a High Priest of Okawaru.
             Demolished by a komodo dragon (29 damage)
             ... on level 1 of the Lair of Beasts on Apr 5, 2024.
             The game lasted 00:37:37 (12111 turns).

TacoSundae the Cruncher (Oni Gladiator)            Turns: 12111, Time: 00:37:38

Health: -17/130    AC:  5    Str: 21    XL:     12   Next: 1%
Magic:  16/16      EV: 12    Int:  9    God:    Okawaru [*****.]
Gold:   771        SH:  0    Dex: 14    Spells: 11/11 levels left

rFire   . . .        D - +4 morningstar
rCold   . . .        (no shield)
rNeg    . . .        k - +0 troll leather armour
rPois   .            c - +1 hat
rElec   .            i - scarf {repulsion}
rCorr   .            (gloves unavailable)
SInv    .            (boots unavailable)
Will    +....        p - amulet of the acrobat
Stlth   +            (no ring)
HPRegen 1.21/turn    (no ring)
MPRegen 0.15/turn

%: repel missiles, acrobat
@: no status effects
A: large, unfitting armour, horns 1, tough skin 1, double potion healing,
drunken brawling
a: Renounce Religion, Heroism, Finesse, Duel


You were on level 1 of the Lair of Beasts.
You worshipped Okawaru.
Okawaru was extremely pleased with you.
You visited 3 branches of the dungeon, and saw 13 of its levels.
You also visited: Sewer.

You collected 771 gold pieces.

Inventory:

Hand Weapons
 a - a +1 quarterstaff
 f - a +0 quarterstaff of speed
 D - a +4 morningstar (weapon)
Missiles
 d - 5 throwing nets (quivered)
 e - a large rock
 x - 3 poisoned darts
Armour
 c - a +1 hat (worn)
 i - a scarf of repulsion (worn)
 k - a +0 troll leather armour (worn)
 u - a +2 robe of positive energy
 F - +0 acid dragon scales
Jewellery
 p - an amulet of the acrobat (around neck)
 y - a ring of fire
 z - a ring of see invisible
Wands
 s - a wand of light (13)
 t - a wand of flame (27)
 w - a wand of polymorph (9)
 E - a wand of paralysis (5)
Scrolls
 b - 2 scrolls of vulnerability
 j - 7 scrolls of fear
 l - 2 scrolls of poison
 m - a scroll of revelation
 r - a scroll of immolation
 v - 4 scrolls of teleportation
 B - a scroll of enchant armour
 I - a scroll of fog
Potions
 g - 5 potions of brilliance
 h - a potion of attraction
 n - 3 potions of ambrosia
 o - a potion of enlightenment
 q - 3 potions of might
 A - a potion of berserk rage
 C - a potion of haste
 G - a potion of cancellation {unknown}
 H - a potion of lignification


   Skills:
 - Level 11.3 Fighting
 * Level 5.0(9.8) Polearms
 - Level 12.9(13.3) Staves
 - Level 2.0 Throwing
 - Level 4.0 Armour
 - Level 7.0 Dodging
 - Level 6.5 Invocations


You had 11 spell levels left.
You didn't know any spells.
Your spell library contained the following spells:

 Spells                   Type           Power      Damage    Failure   Level
 Jinxbite                 Hex            0%         N/A       56%         2
 Dazzling Flash           Conj/Hex       0%         N/A       80%         3
 Fugue of the Fallen      Necr           0%         N/A       80%         3
 Gell's Gravitas          Tloc           0%         N/A       80%         3
 Ozocubu's Armour         Ice            0%         N/A       80%         3
 Teleport Other           Tloc           0%         N/A       80%         3
 Volatile Blastmotes      Fire/Tloc      0%         2d10      80%         3
 Manifold Assault         Tloc           0%         N/A       99%         4
 Yara's Violent Unravell  Hex/Alch       0%         3d3       100%        5
 Dispersal                Tloc           0%         N/A       100%        6
 Starburst                Conj/Fire      0%         6d3       100%        6
 Enfeeble                 Hex            0%         N/A       100%        7
 Maxwell's Capacitive Co  Air            0%         ∞         100%        8


Dungeon Overview and Level Annotations

Branches:
Dungeon (11/15)            Temple (1/1) D:5            Lair (1/5) D:10
    Orc (0/2) D:11          Sewer (visited)

Altars:
Ashenzari
Cheibriados
Dithmenos
Elyvilon
Fedhas
Gozag
Hepliaklqana
Kikubaaqudgha
Makhleb
Nemelex Xobeh
Okawaru
Qazlal
Ru
Sif Muna
Trog
Uskayaw
Vehumet
Wu Jian
Xom
Yredelemnul
Zin
The Shining One

Shops:
D:11 [

Annotations:
D:5 2 transporters, booth's ghost, amateur MiMo
D:9 6 transporters, exclusion: 2 doors


Innate Abilities, Weirdness & Mutations

You are too large for most types of armour.
You have a pair of small horns on your head.
You have tough skin. (AC +1)
You gain doubled healing and magic from potions.
Whenever you drink a healing potion, you attack all around you.


Message History

You impale the cane toad!!
You kill the cane toad!
Okawaru accepts your kill.
You feel sick.
Your base Polearms skill increases to level 5!
You have reached level 12!
You feel stronger.
You feel sick.
You feel sick.
You feel sick.
You feel sick.
You feel sick.
You feel sick.
You are no longer poisoned.
The komodo dragon hisses menacingly.
Found a leather armour.
Found a stone staircase leading down.
You closely miss the komodo dragon. The komodo dragon bites you!!
You are too injured to fight recklessly!
You are too injured to fight recklessly!
You barely miss the komodo dragon.
You headbutt the komodo dragon, but do no damage.
The komodo dragon bites you!
You sock the komodo dragon!
The komodo dragon is moderately wounded.
The komodo dragon bites you!
* * * LOW HITPOINT WARNING * * *
You puncture the komodo dragon!
The komodo dragon is heavily wounded.
The komodo dragon barely misses you. The komodo dragon bites you!
* * * LOW HITPOINT WARNING * * *
You hit the komodo dragon. You punch the komodo dragon.
The komodo dragon is severely wounded.
The komodo dragon bites you!
* * * LOW HITPOINT WARNING * * *
You closely miss the komodo dragon.
You headbutt the komodo dragon, but do no damage.
You punch the komodo dragon, but do no damage.
The komodo dragon is severely wounded.
The komodo dragon bites you!!
You die...

................
>.................. ...
...............#.P. ...
............####.## ...
........<†........###...
........................
[.......................
........................
.......@l.............>.
......#######..[..#####.
.....# #.##.## .....
###### ... .. .


You could see a komodo dragon.

Vanquished Creatures
  Josephine (D:10)
  Harold (D:10)
  2 two-headed ogres
  A boulder beetle (D:11)
  Joseph (D:8)
  A cane toad (Lair:1)
  A komodo dragon (D:10)
  A hornet (D:9)
  3 trolls
  A shadow (D:11)
  Sigmund (D:6)
  10 yaks
  2 wyverns
  6 wraiths (D:10)
  Grum (D:10)
  A human (shapeshifter) (D:9)
  A warg (D:11)
  A steam dragon (D:7)
  2 acid dragons
  2 water moccasins
  A black bear (D:5)
  4 sky beasts
  An orc warrior (D:11)
  4 ice beasts (D:7)
  A centaur (D:7)
  An ogre (D:5)
  4 wolves
  8 bullfrogs
  3 scorpions
  2 gnoll sergeants
  15 wights
  2 killer bees (D:7)
  A bombardier beetle (D:6)
  5 howler monkeys
  5 orc priests
  A hound (D:4)
  3 gnoll boudas
  3 jellies
  3 sleepcaps
  Jessica (D:2)
  2 iguanas
  6 orc wizards
  9 adders
  27 gnolls
  8 ufetubi
  11 dart slugs
  2 ribbon worms
  35 orcs
  12 ball pythons
  11 endoplasms
  9 giant cockroaches
  8 goblins
  2 hobgoblins
  3 kobolds (D:3)
  4 quokkas
  3 bats
  12 frilled lizards
  A rat (D:1)
273 creatures vanquished.

Notes
Turn   | Place    | Note
-------+----------+-------------------------------------------
     0 | D:1      | TacoSundae the Oni Gladiator began the quest for the Orb.
     0 | D:1      | Reached XP level 1. HP: 22/22 MP: 1/1
   153 | D:1      | Reached XP level 2. HP: 24/29 MP: 2/2
   935 | D:2      | Noticed Jessica
   948 | D:2      | Killed Jessica
   949 | D:2      | Reached skill level 4 in Staves
   949 | D:2      | Reached XP level 3. HP: 25/36 MP: 3/3
  1030 | D:2      | Reached XP level 4. HP: 40/44 MP: 4/4
  1450 | D:3      | Found a snail-covered altar of Cheibriados.
  1599 | D:3      | Found a glowing golden altar of the Shining One.
  1686 | D:3      | Reached skill level 5 in Staves
  2055 | D:3      | Reached XP level 5. HP: 50/52 MP: 5/5
  2377 | D:4      | Found a glowing drain.
  2431 | D:4      | Reached skill level 6 in Staves
  2438 | Sewer    | Entered a sewer
  2645 | Sewer    | Reached XP level 6. HP: 61/61 MP: 6/6
  3633 | D:4      | Reached XP level 7. HP: 61/70 MP: 7/7
  3835 | D:5      | Entered Level 5 of the Dungeon
  3848 | D:4      | Reached skill level 7 in Staves
  4195 | D:5      | Found a transporter.
  4490 | D:5      | Noticed booth's ghost (amateur MiMo)
  4675 | D:5      | Reached skill level 5 in Fighting
  4821 | D:5      | Reached skill level 8 in Staves
  4821 | D:5      | Reached XP level 8. HP: 81/81 MP: 8/8
  4837 | D:5      | Found a transporter.
  4967 | D:5      | You fall into a shaft and drop 3 floors!
  5372 | D:6      | Noticed Sigmund
  5396 | D:6      | Killed Sigmund
  5638 | D:5      | Found a staircase to the Ecumenical Temple.
  5647 | Temple   | Entered the Ecumenical Temple
  5689 | D:6      | Found an iron altar of Okawaru.
  5713 | D:6      | Reached skill level 9 in Staves
  5713 | D:6      | Reached skill level 5 in Dodging
  5996 | D:6      | Became a worshipper of Warmaster Okawaru
  6071 | D:6      | Reached XP level 9. HP: 85/92 MP: 9/9
  6898 | D:7      | Reached * piety under Okawaru
  6899 | D:7      | Reached skill level 10 in Staves
  7355 | D:7      | Identified the +7 dagger "Caxiapn" {venom, *Slow Will+
                  | Str+4 Dex+2}
  8051 | D:8      | Reached XP level 10. HP: 106/106 MP: 10/10
  8245 | D:8      | Noticed Joseph
  8271 | D:8      | Killed Joseph
  8271 | D:8      | Reached ** piety under Okawaru
  8272 | D:8      | Reached skill level 11 in Staves
  8272 | D:8      | Reached skill level 1 in Invocations
  8548 | D:8      | Found a blossoming altar of Fedhas.
  8949 | D:9      | Found a transporter.
  8968 | D:9      | Found a transporter.
  9031 | D:9      | Found a transporter.
  9294 | D:9      | Found a transporter.
  9296 | D:9      | Found a transporter.
  9336 | D:9      | Found a transporter.
  9436 | D:9      | Noticed a two-headed ogre
  9457 | D:9      | Killed a two-headed ogre
  9457 | D:9      | Reached *** piety under Okawaru
  9700 | D:9      | Noticed a salamander
  9701 | D:9      | a salamander changed into a cane toad
  9701 | D:9      | Noticed a cane toad (shapeshifter)
  9718 | D:9      | Noticed a meliai
  9725 | D:9      | a meliai changed into a human
  9935 | D:10     | Entered Level 10 of the Dungeon
 10004 | D:10     | Reached skill level 1 in Armour
 10023 | D:10     | Found a staircase to the Lair.
 10063 | D:10     | Reached skill level 10 in Fighting
 10063 | D:10     | Reached skill level 12 in Staves
 10154 | D:10     | Noticed Grum
 10164 | D:10     | Killed Grum
 10226 | D:10     | Reached XP level 11. HP: 113/118 MP: 12/14
 10236 | D:10     | Reached **** piety under Okawaru
 10280 | D:10     | Noticed a two-headed ogre
 10299 | D:10     | Killed a two-headed ogre
 10300 | D:10     | Reached skill level 5 in Invocations
 10439 | D:10     | Noticed Harold
 10458 | D:10     | Killed Harold
 10526 | D:10     | Noticed Josephine
 10538 | D:10     | Killed Josephine
 10563 | D:10     | Reached ***** piety under Okawaru
 10843 | D:10     | Reached skill level 1 in Polearms
 11018 | D:11     | Noticed a boulder beetle
 11112 | D:11     | HP: 5/116 [yak (11)]
 11114 | D:11     | HP: 1/116 [yak (3)]
 11355 | D:11     | Found a staircase to the Orcish Mines.
 11825 | D:11     | Killed a boulder beetle
 11933 | D:11     | Found Cuxuc's Armour Boutique.
 12055 | Lair:1   | Entered Level 1 of the Lair of Beasts
 12091 | Lair:1   | Reached skill level 5 in Polearms
 12091 | Lair:1   | Reached XP level 12. HP: 60/130 MP: 16/16
 12111 | Lair:1   | Demolished by a komodo dragon

Illustrated notes

Levels and vault maps discovered:
D:1:      wheals_arrival_linesprint, layout_basic, kennysheep_minor_cross
D:2:      layout_rooms, uniq_jessica
D:3:      layout_loops_ring, cheibriados_altar_1,
          mainiacjoe_overflow_surrounded_room
D:4:      layout_basic, portal_sewer_entry_f, item_on_display_a
D:5:      layout_cave_pools, lemuel_temple_firewalk_b,
          gammafunk_ghost_stat_death, grunt_decor_arrowhead,
          dreamdust_mushroom_princess
D:6:      layout_cave_pools, okawaru_metal_pillars_1_2,
          minmay_misc_feat_hallway, abandoned_shop, uniq_sigmund
D:7:      minmay_recursive_quarters, layout_basic, kennysheep_generic_room_15
D:8:      layout_basic, fedhas_altar_2, due_unseen_surprise, uniq_joseph
D:9:      cheibrodos_two_vegetables, layout_rooms, serial_nicolae_subway,
          nicolae_sub_station_stone, nicolae_sub_station_metal,
          nicolae_sub_station_crystal
D:10:     layout_roguey, david_lair_shrubbed, uniq_josephine, uniq_grum,
          uniq_harold
D:11:     layout_irregular_city, minmay_orc_entry_guard_dogs, serial_shops,
          nicolae_square_shop
Temple:   hc_temple_tempest_star
Lair:1:   layout_gridlike, uniq_fannar

Skill      XL: |  1  2  3  4  5  6  7  8  9 10 11 |
---------------+----------------------------------+-----
Staves         | 4 5 6 8 9 10 12 | 12.9
Fighting       | 3 4 5 6 8 10 11 | 11.3
Dodging        | 3 4 5 6 7 |  7.0
Invocations    | 4 6 |  6.5
Armour         | 1 4 |  4.0
Polearms       | 5 |  5.0
Throwing       | |  2.0

Action                     |  1- 3 |  4- 6 |  7- 9 | 10-12 || total
---------------------------+-------+-------+-------+-------++-------
  Melee: Quarterstaff      |    44 |   226 |   350 |   356 ||   976
         Headbutt          |    12 |    25 |    79 |   121 ||   237
         Morningstar       |       |       |       |   129 ||   129
         Punch             |       |       |       |     2 ||     2
  Throw: Throwing net      |     1 |       |     4 |     3 ||     8
         Large rock        |       |       |     2 |     1 ||     3
 Invoke: Heroism           |       |       |       |     8 ||     8
  Evoke: Wand              |       |       |       |    14 ||    14
    Use: Scroll            |       |    16 |     3 |     4 ||    23
         Potion            |       |       |     2 |     4 ||     6
   Stab: Sleeping          |       |       |     1 |       ||     1
         Held in net/web   |       |       |       |     3 ||     3
         Invisible         |       |       |       |     1 ||     1
 Armour: Robe              |    22 |   122 |   254 |    28 ||   426
         Troll leather arm |       |       |       |   192 ||   192
         Skin              |       |       |       |    13 ||    13
  Dodge: Dodged            |    15 |   111 |   229 |   187 ||   542
         Repelled          |     1 |     1 |     3 |     2 ||     7
